 Dungeon Crawl Stone Soup version 0.29-a0-330-g52719c12eb (webtiles) character file.

Game seed: 9431478292876569147

8953 Ajdolov the Carver (level 11, -3/86 HPs)
             Began as a Barachi Monk on Apr 18, 2022.
             Was an Elder of Cheibriados.
             Killed from afar by Amaemon (26 damage)
             ... with a bolt of acid
             ... on level 9 of the Dungeon.
             The game lasted 00:26:25 (12339 turns).

Ajdolov the Carver (Barachi Monk)                  Turns: 12339, Time: 00:26:25

Health: -3/86      AC: 14    Str: 23    XL:     11   Next: 38%
Magic:  12/18      EV: 10    Int: 33    God:    Cheibriados [****..]
Gold:   1119       SH:  0    Dex: 30    Spells: 8/10 levels left

rFire   . . .      SeeInvis .   F - +6 falchion
rCold   . . .      Faith    .   (no shield)
rNeg    . . .      Spirit   .   j - +0 chain mail of Resilience {Harm Will+ Regen+ Slay+4}
rPois   .          Reflect  .   G - +1 hat {Stlth+}
rElec   .          Harm     +   k - +2 cloak
rCorr   .          Rampage  .   r - +1 pair of gloves {infuse}
Will    +....                   (no boots)
Stlth   +.........              (no amulet)
HPRegen 1.04/turn               C - ring "Esoibb" {+Blink Int+6 Dex+6}
MPRegen 0.16/turn               (no ring)

@: mighty, very slow
A: amphibious, slowness 1, strong legs 1, +LOS, clever 1, passive freeze
a: Hop, Renounce Religion, Evoke Blink, Bend Time, Temporal Distortion, Slouch


You were on level 9 of the Dungeon.
You worshipped Cheibriados.
Cheibriados was greatly pleased with you.
You visited 2 branches of the dungeon, and saw 10 of its levels.
You also visited: Bailey.

You collected 1119 gold pieces.

Inventory:

Hand Weapons
 F - a +6 falchion (weapon)
Missiles
 D - 6 curare-tipped darts (quivered)
 E - 2 throwing nets
Armour
 j - the +0 chain mail of Resilience (worn) {Harm Will+ Regen+ Slay+4}
   (You acquired it on level 7 of the Dungeon)

   Slay:      It affects your accuracy & damage with ranged weapons and melee
   (+4).
   Regen:     It increases your rate of health regeneration.
   Harm:      It increases damage dealt and taken.
   Will:      It increases your willpower.
 k - a +2 cloak (worn)
 r - a +1 pair of gloves of infusion (worn)
 A - a +0 kite shield
 G - a +1 hat of stealth (worn)
Jewellery
 C - the ring "Esoibb" (left hand) {+Blink Int+6 Dex+6}
   (You found it on level 6 of the Dungeon)

   [ring of intelligence]

   Int:       It affects your intelligence (+6).
   Dex:       It affects your dexterity (+6).
   +Blink:    It lets you blink.
Wands
 b - a wand of flame (32)
 y - a wand of paralysis (3)
 H - a wand of polymorph (7)
Scrolls
 c - 3 scrolls of torment
 f - 2 scrolls of fog
 g - 2 scrolls of identify
 h - 4 scrolls of teleportation
 m - 6 scrolls of enchant armour
 p - a scroll of immolation {unknown}
 q - a scroll of blinking {unknown}
 t - 2 scrolls of amnesia
 v - a scroll of noise {unknown}
 w - 3 scrolls of magic mapping {unknown}
 B - a scroll of enchant weapon {unknown}
Potions
 a - 3 potions of might
 d - 2 potions of mutation
 e - 2 potions of lignification {unknown}
 i - 3 potions of degeneration {unknown}
 l - 2 potions of attraction {unknown}
 n - a potion of resistance {unknown}
 o - a potion of haste {unknown}
 s - a potion of cancellation {unknown}
 u - 3 potions of heal wounds {unknown}
 x - 2 potions of magic {unknown}
 z - a potion of curing


   Skills:
 - Level 8.1 Fighting
 * Level 12.8 Long Blades
 - Level 3.2 Dodging
 - Level 1.7 Stealth
 - Level 5.0 Translocations
 - Level 10.0 Invocations
 - Level 5.0 Evocations


You had 8 spell levels left.
You knew the following spells:

 Your Spells              Type           Power      Damage    Failure   Level
a - Blink                 Tloc           66%        N/A       14%         2

Your spell library contained the following spells:

 Spells                   Type           Power      Damage    Failure   Level
 Magic Dart               Conj           0%         1d3       58%         1
 Portal Projectile        Hex/Tloc       32%        N/A       61%         3
 Call Imp                 Summ           0%         N/A       73%         2
 Static Discharge         Conj/Air       0%         N/A       73%         2
 Call Canine Familiar     Summ           0%         N/A       91%         3
 Dazzling Flash           Conj/Hex       0%         N/A       91%         3
 Mephitic Cloud           Conj/Pois/Air  0%         N/A       91%         3
 Ozocubu's Armour         Ice            0%         N/A       91%         3
 Manifold Assault         Tloc           33%        N/A       95%         5
 Leda's Liquefaction      Hex/Erth       0%         N/A       100%        4
 Agony                    Necr           0%         N/A       100%        5
 Lightning Bolt           Conj/Air       0%         1d11      100%        5
 Metabolic Englaciation   Hex/Ice        0%         N/A       100%        5
 Silence                  Hex/Air        0%         N/A       100%        5
 Simulacrum               Ice/Necr       0%         N/A       100%        6
 Storm Form               Tmut/Air       0%         N/A       100%        7
 Maxwell's Capacitive Co  Air            0%         ∞         100%        8


Dungeon Overview and Level Annotations

Branches:
Dungeon (9/15)             Temple (1/1) D:4          Bailey (visited)
   Lair: D:8-11         Orc: D:9-12

Altars:
Ashenzari
Cheibriados
Dithmenos
Fedhas
Gozag
Hepliaklqana
Kikubaaqudgha
Nemelex Xobeh
Okawaru
Ru
Sif Muna
Trog
Uskayaw
Vehumet
Xom
Yredelemnul
Zin

Shops:
D:6 =   D:8 (

Annotations:
D:5 exclusion: downstairs
D:9 exclusion: 2 electric eels, Amaemon


Innate Abilities, Weirdness & Mutations

You are amphibious.
You cover ground slowly.
You can hop short distances.
You have an extended range of vision and can be seen from far away.
Your mind is acute. (Int +2)
A frigid envelope surrounds you and freezes all who hurt you.


Message History

Ouch! That really hurt!
Amaemon hits you with a +1 demon whip of venom.
You are poisoned.
Amaemon barely misses you. Amaemon tail-slaps you.
* * * LOW HITPOINT WARNING * * *
Unknown command.
You barely miss Amaemon.
Amaemon is moderately wounded.
You feel sick.
Unknown command.
Press: ? - help, v - describe, . - travel, g - get item
Here: Amaemon, wielding a +1 demon whip of venom and carrying a wand of acid (1) (moderately wounded, very poisoned, slow) Item here: a curare-tipped dart.
The floor.
Unknown command.
You feel better. Amaemon barely misses you. x3
It was a potion of mutation.
You feel extremely strange.
Your skin feels very cold.
You feel clever.
Amaemon hits you with a +1 demon whip of venom.
* * * LOW HITPOINT WARNING * * *
You are poisoned.
Amaemon is very cold.
Amaemon is heavily wounded.
Amaemon claws you.
* * * LOW HITPOINT WARNING * * *
Amaemon is very cold.
Amaemon is heavily wounded.
Amaemon barely misses you.
Casting: Blink (safe; 14% risk of failure)
Confirm with . or Enter, or press ? or * to list all spells.
Okay, then.
Okay, then.
You feel better.
Casting: Blink (safe; 14% risk of failure)
Confirm with . or Enter, or press ? or * to list all spells.
You don't know that spell.
Unknown command.
You feel very mighty all of a sudden.
Amaemon zaps a wand.
The bolt of acid hits you!!
You die...

###.'........# #
§.# ....#........#
.#...
#####........#
§#.. .# #........#
§§###. .#
#........#
###§..... .#
#<...>...###..§...
.#
#........+)...###
.#
#...............#
##
#....###≈###@.#.#
#
##...#.#≈#.#.6..#
# #.###.#≈#.###..#
# #.....#≈#... .(#
#.###.#≈#.### .#
#.. #.#≈#.# .# ##
###≈### # ...


You could see Amaemon (poisoned, slow).

Vanquished Creatures
  Gastronok (D:8)
  A two-headed ogre (D:6)
  Pikel (D:6)
  2 polar bears (D:9)
  Sigmund (D:6)
  A wyvern (D:8)
  A wraith (D:9)
  9 yaks
  Eustachio (D:5)
  2 steam dragons
  An acid dragon (D:9)
  2 orc warriors
  5 ice beasts (D:9)
  2 black bears
  An ogre (D:5)
  2 sky beasts
  3 centaurs
  4 wolves (D:9)
  2 phantoms
  7 kobold brigands
  2 bullfrogs
  3 scorpions
  3 gnoll sergeants
  A necrophage (D:5)
  4 wights (D:7)
  4 killer bees (D:7)
  2 howler monkeys
  5 jellies
  5 orc priests
  A hound (D:5)
  A gnoll shaman (D:8)
  4 orc wizards
  2 iguanas
  A killer bee simulacrum (D:9)
  17 gnolls
  9 adders
  2 howler monkey simulacra (D:9)
  3 white imps
  2 ufetubi
  A worm (D:2)
  A dart slug (D:1)
  14 orcs
  4 bats
  6 endoplasms
  4 giant cockroaches
  10 goblins
  10 hobgoblins
  3 quokkas
  10 ball pythons
  9 frilled lizards
  34 kobolds
  5 rats
231 creatures vanquished.

Vanquished Creatures (others)
  60 plants (D:6)
60 creatures vanquished.

Grand Total: 291 creatures vanquished

Notes
Turn   | Place    | Note
-------+----------+-------------------------------------------
     0 | D:1      | Ajdolov the Barachi Monk began the quest for the Orb.
     0 | D:1      | Reached XP level 1. HP: 18/18 MP: 1/1
   205 | D:1      | Reached skill level 4 in Long Blades
   218 | D:1      | Reached XP level 2. HP: 6/25 MP: 2/2
   724 | D:1      | Reached XP level 3. HP: 14/30 MP: 3/3
  1207 | D:1      | Found a faded altar of an unknown god.
  1468 | D:2      | Found a shimmering blue altar of Sif Muna.
  1540 | D:2      | Reached skill level 5 in Long Blades
  1816 | D:2      | Reached XP level 4. HP: 37/38 MP: 4/4
  3499 | D:4      | Noticed a phantom
  3519 | D:3      | Killed a phantom
  3520 | D:3      | Reached skill level 5 in Fighting
  3520 | D:3      | Reached skill level 6 in Long Blades
  3520 | D:3      | Reached XP level 5. HP: 35/44 MP: 5/5
  3618 | D:3      | Reached XP level 6. HP: 25/51 MP: 6/6
  3831 | D:4      | Found a radiant altar of Vehumet.
  3906 | D:4      | Reached skill level 7 in Long Blades
  4317 | D:4      | Found a staircase to the Ecumenical Temple.
  4350 | Temple   | Entered the Ecumenical Temple
  4491 | Temple   | Became a worshipper of Cheibriados the Contemplative
  4491 | Temple   | Reached * piety under Cheibriados
  4491 | Temple   | Reached ** piety under Cheibriados
  4547 | D:4      | Learned a level 2 spell: Blink
  4687 | D:5      | Entered Level 5 of the Dungeon
  4894 | D:5      | Reached XP level 7. HP: 46/58 MP: 7/7
  4982 | D:5      | Reached skill level 8 in Long Blades
  5418 | D:5      | Noticed Eustachio
  5467 | D:5      | Killed Eustachio
  5769 | D:5      | Reached skill level 9 in Long Blades
  6318 | D:5      | Reached XP level 8. HP: 63/67 MP: 8/8
  6991 | D:6      | Noticed Sigmund
  7382 | D:5      | Reached skill level 10 in Long Blades
  7478 | D:6      | Noticed a two-headed ogre
  8187 | D:6      | Reached *** piety under Cheibriados
  8260 | D:6      | Reached skill level 1 in Translocations
  8260 | D:6      | Reached skill level 1 in Invocations
  8460 | D:6      | Killed Sigmund
  8461 | D:6      | Reached XP level 9. HP: 50/74 MP: 9/11
  8591 | D:6      | Found Dicvo Coch's One-of-a-Kind Rings.
  8604 | D:6      | Noticed Pikel
  8634 | D:6      | Killed Pikel
  8718 | D:6      | Killed a two-headed ogre
  8719 | D:6      | Reached skill level 5 in Invocations
  8890 | D:6      | Identified the ring "Esoibb" {+Blink Int+6 Dex+6}
  9271 | D:7      | Reached **** piety under Cheibriados
  9273 | D:7      | Found a flagged portal.
  9289 | D:7      | Reached skill level 1 in Evocations
  9292 | D:7      | Reached skill level 5 in Translocations
  9447 | Bailey   | Entered a bailey
  9853 | Bailey   | Reached XP level 10. HP: 59/80 MP: 14/14
 10056 | Bailey   | Found a bloodstained altar of Trog.
 10188 | D:7      | Identified the +0 leather armour of Lesek {rElec rF+ rC-}
 10298 | D:7      | Reached skill level 5 in Evocations
 11155 | D:8      | Noticed Gastronok
 11171 | D:8      | Killed Gastronok
 11326 | D:7      | Identified a scroll of acquirement
 11328 | D:7      | Acquired the +0 chain mail of Resilience {Harm Will+ Regen+
                  | Slay+4}
 11452 | D:8      | Found Socis's Weapon Boutique.
 11585 | D:8      | Reached XP level 11. HP: 83/86 MP: 12/18
 11676 | D:8      | You fall into a shaft and drop 1 floor!
 11681 | D:9      | Reached skill level 10 in Invocations
 11681 | D:9      | Reached skill level 11 in Long Blades
 11816 | D:9      | Reached skill level 12 in Long Blades
 12104 | D:9      | Reached ***** piety under Cheibriados
 12322 | D:9      | Noticed Amaemon
 12337 | D:9      | Gained mutation: A frigid envelope surrounds you and
                  | freezes all who hurt you. [potion of mutation]
 12337 | D:9      | Gained mutation: Your mind is acute. (Int +2) [potion of
                  | mutation]
 12339 | D:9      | Killed from afar by Amaemon

Illustrated notes

Levels and vault maps discovered:
D:1:      dpeg_chamrin_arrival_tetris, layout_loops_ring,
          dreamdust_ecumenical_altar_statues, minmay_vboxes
D:2:      layout_basic, basic_altar
D:3:      layout_basic
D:4:      layout_cave_pools, nicolae_vehumet_radiance,
          minmay_temple_entry_large_hall
D:5:      layout_layer_cave, uniq_eustachio
D:6:      kennysheep_kobold_camp, layout_rooms, corexii_shack,
          nicolae_shop_unique_rings, uniq_sigmund, uniq_pikel
D:7:      layout_loops_ring, enter_bailey_6
D:8:      layout_gridville, serial_shops, shop, uniq_gastronok, uniq_maurice
D:9:      layout_roguey, serial_ice, serial_ice_h, serial_ice_a, serial_ice_c,
          serial_ice_n, serial_ice_f, serial_ice_g, serial_ice_b, serial_ice_d,
          serial_ice_l, serial_ice_e, grunt_decor_cap, uniq_amaemon
Temple:   mainiacjoe_temple_hex_bubbles

Skill      XL: |  1  2  3  4  5  6  7  8  9 10 11 |
---------------+----------------------------------+-----
Long Blades    | 4 5 6 7 9 10 12 | 12.8
Fighting       | 4 5 6 7 8 |  8.1
Translocations | 2 5 |  5.0
Invocations    | 2 6 9 10 | 10.0
Evocations     | 3 5 |  5.0
Dodging        | |  3.2
Stealth        | |  1.7

Action                   |  1- 3 |  4- 6 |  7- 9 | 10-12 || total
-------------------------+-------+-------+-------+-------++-------
Melee: Falchion          |   118 |   197 |   417 |   199 ||   931
       Punch             |       |     3 |    11 |     9 ||    23
       Long sword        |       |       |       |    31 ||    31
Throw: Dart              |       |       |     2 |     8 ||    10
Invok: Slouch            |       |       |       |     3 ||     3
 Abil: Hop               |     1 |     1 |     9 |     6 ||    17
Evoke: Wand              |       |       |     2 |       ||     2
  Use: Potion            |       |       |     3 |     4 ||     7
       Scroll            |       |       |       |     7 ||     7
 Stab: Sleeping          |     2 |     3 |     1 |       ||     6
       Distracted        |       |     1 |     1 |       ||     2
       Paralysed         |       |       |     5 |       ||     5
Armor: Robe              |    36 |    47 |    41 |       ||   124
       Ring mail         |       |       |   104 |    14 ||   118
       Chain mail        |       |       |       |    62 ||    62
Dodge: Dodged            |    96 |   137 |   334 |   105 ||   672

Table legend: (Time is in decaauts)
 A = Elapsed time spent in this place.
 B = Non-inter-level travel time spent in this place.
 C = Inter-level travel time spent in this place.
 D = Time resting spent in this place.
 E = Time spent auto-exploring this place.
 F = Levels seen in this place.
 G = Mean time per level.
                   A        B        C        D        E       F      G
               +--------+--------+--------+--------+--------+-----+--------+
         Total |  15820 |  14640 |   1180 |   3300 |   8158 |  11 | 1438.2 |
       Dungeon |  14773 |  13652 |   1121 |   2880 |   7954 |   9 | 1641.4 |
        Temple |    226 |    167 |     59 |      0 |    161 |   1 |  226.0 |
        Bailey |    821 |    821 |      0 |    420 |     43 |   1 |  821.0 |
               +--------+--------+--------+--------+--------+-----+--------+

Top non-repeatable levels by time:
     D:5: 3914 daAuts
     D:6: 1824 daAuts
     D:7: 1743 daAuts
     D:3: 1566 daAuts
     D:1: 1522 daAuts
     D:4: 1415 daAuts
     D:2: 1179 daAuts
     D:9: 900 daAuts
  Bailey: 821 daAuts
     D:8: 706 daAuts
  Temple: 226 daAuts
